[Event "Early-Titled-Tuesday-Blitz-January-30-2024"]
[Site "Chess.com"]
[Date "2024.01.30"]
[Round "3"]
[White "KhazhatulyAlikhan"]
[Black "IM_ArthurDW08"]
[Result "1-0"]
[WhiteElo "2405"]
[BlackElo "2763"]
[TimeControl "180+1"]
[EndTime "8:27:59 PST"]
[Termination "KhazhatulyAlikhan won by resignation"]

1. e4 c5 2. Nf3 Nc6 3. d4 cxd4 4.
Nxd4 e5 5. Nb5 d6 6. N1c3 a6 7. Na3 b5 8. Nd5 Nce7 9. c4 Nxd5 10. cxd5 Nf6 11. Bd3 Be7 12. O-O O-O 13. h3 Bd7 14. Be3 Rc8 15. Rc1 Qa5 16. Qd2 Qa4 17. f3 b4 18. Nc4 Qxa2 19. Ra1 Qxc4 20. Bxc4 Rxc4 21. Rfc1 Rxc1+ 22. Qxc1 Bb5 23. Qc7 Re8 24. Bd2 Bd8 25. Qxd6 Be7 26. Qc7 Bd8 27. Qb7 1-0

[Event "Early-Titled-Tuesday-Blitz-January-30-2024"]
[Site "Chess.com"]
[Date "2024.01.30"]
[Round "3"]
[White "ozen_metehan"]
[Black "Skatchkov_V"]
[Result "0-1"]
[WhiteElo "2442"]
[BlackElo "2617"]
[TimeControl "180+1"]
[EndTime "8:28:00 PST"]
[Termination "Skatchkov_V won by resignation"]

1. d4 Nf6 2. c4 e6 3. Nf3 d5 4. g3 h6 5. Bg2 Bd6 6. O-O O-O 7. Nc3 Nc6 8. b3 b6 9. cxd5 exd5 10. a3 Re8 11. Nh4 Ne7 12. Nb5 Ba6 13. Nxd6 cxd6 14. Re1 Rc8 15. Nf3 Ne4 16. Bb2 Nc3 17. Qd2 Ne4 18. Qd1 Nf5 19. e3 Qf6 20. Rc1 g5 21. Nd2 Nxf2 22. Kxf2 Rxc1 23. Bxc1 Nxe3+ 0-1

[Event "Early-Titled-Tuesday-Blitz-January-30-2024"]
[Site "Chess.com"]
[Date "2024.01.30"]
[Round "3"]
[White "MalyDominator"]
[Black "Timerkhanov"]
[Result "1-0"]
[WhiteElo "2495"]
[BlackElo "2654"]
[TimeControl "180+1"]
[EndTime "8:28:07 PST"]
[Termination "MalyDominator won by resignation"]

1. e4 c5 2. Nf3 d6 3. d4 cxd4 4. Nxd4 Nf6 5. Nc3 Bd7 6. f3 e5 7. Nb3 a5 8. a4 Na6 9. Be3 Nb4 10. Bb5 Be7 11. O-O O-O 12. Qd2 Be6 13. Rad1 Rc8 14. Qf2 Bxb3 15. cxb3 d5 16. exd5 Nfxd5 17. Nxd5 Nxd5 18.
Kh1 b6 19. Bc4 Nxe3 20. Rxd8 Nxf1 21. Rxf8+ Kxf8 22. Qxf1 Bc5 23. Qd3 Ke7 24. Qd5 Rd8 25.
Qxf7+ Kd6 26. h4 Be3 27. Qd5+ 1-0

[Event "Early-Titled-Tuesday-Blitz-January-30-2024"]
[Site "Chess.com"]
[Date "2024.01.30"]
[Round "3"]
[White "stratacticos"]
[Black "inagreV"]
[Result "1-0"]
[WhiteElo "2051"]
[BlackElo "2358"]
[TimeControl "180+1"]
[EndTime "8:28:08 PST"]
[Termination "stratacticos won by resignation"]

1. b4 c6 2. c4 a5 3. b5 a4 4. Nc3 d5 5. e3 Nf6 6. Nxa4 cxb5 7.
cxb5 e5 8. Nf3 Bd6 9. Bb2 Qe7 10. Be2 O-O 11. O-O Nbd7 12. d4 e4 13. Ne5 Nxe5 14.
dxe5 Bxe5 15. Qb3 Bg4 16. Bxe5 Qxe5 17. Bxg4 Nxg4 18. g3 Qh5 19. h4 Ne5 20. Nb6 Qg4 21. Kg2 Nf3 22. Rh1 Rad8 23. a4 Qf5 24. a5 Rfe8 25. a6 bxa6 26. bxa6 d4 27. a7 dxe3 28.
Qxe3 Ra8 29. Nxa8 Rxa8 30. Rab1 Qc8 31. Rhc1 1-0

[Event "Early-Titled-Tuesday-Blitz-January-30-2024"]
[Site "Chess.com"]
[Date "2024.01.30"]
[Round "3"]
[White "GMKrikor"]
[Black "Pudor"]
[Result "1-0"]
[WhiteElo "2790"]
[BlackElo "2530"]
[TimeControl "180+1"]
[EndTime "8:28:10 PST"]
[Termination "GMKrikor won by resignation"]

1. Nf3 d5 2. c4 d4 3. b4 f6 4. e3 e5 5. c5 a5 6. Qa4+ Bd7 7. b5 Bxc5 8. Bc4 Nh6 9. O-O dxe3 10. fxe3 Qe7 11. Nc3 c6 12. Rb1 Nf7 13. Ne4 Bd6 14.
Bxf7+ Kxf7 15. Qb3+ Ke8 16. d4 Be6 17. Qc2 Nd7 18.
bxc6 bxc6 19. Qxc6 1-0

[Event "Early-Titled-Tuesday-Blitz-January-30-2024"]
[Site "Chess.com"]
[Date "2024.01.30"]
[Round "3"]
[White "Orujov2008"]
[Black "kamilianin235"]
[Result "1-0"]
[WhiteElo "2721"]
[BlackElo "2505"]
[TimeControl "180+1"]
[EndTime "8:28:13 PST"]
[Termination "Orujov2008 won by resignation"]

1. e4 c5 2. Nf3 e6 3. d4 cxd4 4.
Nxd4 Nc6 5. Nc3 Qc7 6. f4 a6 7.
Nxc6 Qxc6 8. Bd3 b5 9. Qe2 Bb7 10. Bd2 Qc7 11. a3 Nf6 12. O-O-O Bc5 13. e5 Nd5 14.
Nxd5 Bxd5 15. f5 g6 16. fxe6 dxe6 17. Rhf1 O-O-O 18. Be3 Bxe3+ 19. Qxe3 Bxg2 20. Rf2 Bd5 21. Rdf1 Rd7 22. a4 Bc4 23. Bxc4 bxc4 24. b3 cxb3 25. Kb2 Rd5 26. cxb3 Qxe5+ 27. Qxe5 Rxe5 28. Rxf7 Re2+ 29. Ka3 Rxh2 30. Ra7 Rc2 31. Ra8+ 1-0

[Event "Early-Titled-Tuesday-Blitz-January-30-2024"]
[Site "Chess.com"]
[Date "2024.01.30"]
[Round "3"]
[White "EsmeraldasAnderson03"]
[Black "yaguigor"]
[Result "1-0"]
[WhiteElo "2420"]
[BlackElo "2584"]
[TimeControl "180+1"]
[EndTime "8:28:14 PST"]
[Termination "EsmeraldasAnderson03 won by resignation"]

1. d4 d5 2. c4 c6 3. cxd5 cxd5 4.
Nc3 Nf6 5. Nf3 Nc6 6. Bf4 Bf5 7. e3 e6 8. Bd3 Bxd3 9. Qxd3 Be7 10. O-O O-O 11.
h3 Qa5 12. a3 Rfc8 13. b4 Qd8 14. Rfc1 Qd7 15. Rc2 a5 16. b5 Na7 17. a4 Qe8 18. Ne5 Nd7 19. Nxd7 Qxd7 20. Rac1 Ba3 21. Ra1 Bb4 22.
Rac1 Bxc3 23. Rxc3 Rxc3 24. Qxc3 Rc8 25. Qb2 b6 26. Rc3 Rc4 27. Rxc4 dxc4 28. Qc3 Qc8 29. e4 h6 30. d5 exd5 31. exd5 Qc5 32. d6 Qd5 33.
Qe3 g5 34. Qe8+ Kg7 35. d7 1-0

[Event "Early-Titled-Tuesday-Blitz-January-30-2024"]
[Site "Chess.com"]
[Date "2024.01.30"]
[Round "3"]
[White "toninhojit"]
[Black "Bkmzzzzz"]
[Result "1-0"]
[WhiteElo "2580"]
[BlackElo "2343"]
[TimeControl "180+1"]
[EndTime "8:28:17 PST"]
[Termination "toninhojit won by resignation"]

1. d4 d5 2. c4 dxc4 3. e3 Nf6 4. Nf3 e6 5. Bxc4 c5 6. O-O a6 7. b3 Be7 8. Bb2 Nc6 9. Nbd2 O-O 10. a4 b6 11. Qe2 Bb7 12. Rfd1 cxd4 13. Nxd4 Nxd4 14. Bxd4 Nd7 15. Nf3 Qc7 16. Rac1 Qb8 17. Bxg7 Kxg7 18. Rxd7 Bf6 19. Bxe6 Bc8 20. Rxc8 Qxc8 21. Rxf7+ Rxf7 22. Bxc8 Rxc8 23. g3 a5 24. h4 Rc3 25. Qb5 Bd8 26.
Ne5 Rc5 27. Qe8 Rxe5 28. Qxe5+ 1-0

[Event "Early-Titled-Tuesday-Blitz-January-30-2024"]
[Site "Chess.com"]
[Date "2024.01.30"]
[Round "3"]
[White "maurovargas01"]
[Black "KanalSzachowy"]
[Result "0-1"]
[WhiteElo "1836"]
[BlackElo "2341"]
[TimeControl "180+1"]
[EndTime "8:28:17 PST"]
[Termination "KanalSzachowy won on time"]

1. e4 c5 2. Nc3 a6 3. f4 b5 4. Nf3 Bb7 5. d3 e6 6. g4 d5 7. e5 Ne7 8. Bg2 h5 9. g5 Nf5 10. O-O h4 11. h3 Nc6 12. Ne2 Qb6 13. Kh2 g6 14. c3 Be7 15. Qe1 d4 16. Nd2 Ne3 17. Rg1 Nc2 18. Qd1 Nxa1 19. Ne4 Rd8 0-1

[Event "Early-Titled-Tuesday-Blitz-January-30-2024"]
[Site "Chess.com"]
[Date "2024.01.30"]
[Round "3"]
[White "Let_it_be_1"]
[Black "Veleamater"]
[Result "1-0"]
[WhiteElo "2575"]
[BlackElo "2321"]
[TimeControl "180+1"]
[EndTime "8:28:20 PST"]
[Termination "Let_it_be_1 won by resignation"]

1. e4 d6 2. d4 g6 3. Nc3 Bg7 4. f4 Nf6 5. Nf3 O-O 6. Be3 Nc6 7. e5 Nh5 8. Bd3 Bg4 9. h3 Bxf3 10. Qxf3 f6 11. exd6 f5 12. g4 fxg4 13. hxg4 Nf6 14. g5 Nh5 15. Rxh5 gxh5 16. Qxh5 Rxf4 17. Qxh7+ Kf8 18.
Bxf4 Nxd4 19. O-O-O cxd6 20. Rf1 Ne6 21. Be5+ Ke8 22.
Bb5+ 1-0

[Event "Early-Titled-Tuesday-Blitz-January-30-2024"]
[Site "Chess.com"]
[Date "2024.01.30"]
[Round "3"]
[White "PabloZarnicki"]
[Black "LaPiToB"]
[Result "1-0"]
[WhiteElo "2568"]
[BlackElo "2286"]
[TimeControl "180+1"]
[EndTime "8:28:26 PST"]
[Termination "PabloZarnicki won by resignation"]

1. e4 c6 2. d4 d5 3. e5 Bf5 4. Nf3 e6 5. Be2 Ne7 6. O-O h6 7. c4 Nd7 8. b3 g5 9. Nc3 Bg7 10.
h3 Rc8 11. Ba3 O-O 12. Bd3 Bxd3 13. Qxd3 Re8 14. Bxe7 Qxe7 15. c5 Rf8 16. Rfe1 Rce8 17. Re3 Qd8 18. b4 a6 19. Rae1 Re7 20. Ne2 Kh8 21.
Ng3 Rg8 22. Nh5 Nf8 23. Nh2 Ng6 24. Ng4 Kh7 25. Rg3 Rf8 26. f4 f5 27. exf6 Bxf6 28.
Ngxf6+ Rxf6 29. Nxf6+ Kg7 30. fxg5 hxg5 31. Rxg5 1-0

[Event "Early-Titled-Tuesday-Blitz-January-30-2024"]
[Site "Chess.com"]
[Date "2024.01.30"]
[Round "3"]
[White "masnyszachistaaa"]
[Black "Grischuk"]
[Result "0-1"]
[WhiteElo "2550"]
[BlackElo "3078"]
[TimeControl "180+1"]
[EndTime "8:28:29 PST"]
[Termination "Grischuk won by resignation"]

1. e4 e5 2. Nf3 Nc6 3. Bb5 a6 4. Ba4 Nf6 5. O-O Be7 6. Bxc6 dxc6 7. d3 Nd7 8. Nbd2 O-O 9. b3 c5 10. Bb2 f6 11. c3 Re8 12. d4 cxd4 13. cxd4 exd4 14.
Nxd4 Bf8 15. Re1 Ne5 16. Nc4 Nxc4 17. bxc4 c5 18. Nc2 Qxd1 19. Raxd1 b5 20. f3 Be6 21. Ne3 bxc4 22. Rc1 Rab8 23. Ba3 Red8 24. Nxc4 Rd3 25. Re3 Bxc4 26. Rxd3 Bxd3 27. Bxc5 Rb1 28. Be3 Bc5 0-1

[Event "Early-Titled-Tuesday-Blitz-January-30-2024"]
[Site "Chess.com"]
[Date "2024.01.30"]
[Round "3"]
[White "ProChessWICTH"]
[Black "leotobares"]
[Result "1-0"]
[WhiteElo "2540"]
[BlackElo "2340"]
[TimeControl "180+1"]
[EndTime "8:28:31 PST"]
[Termination "ProChessWICTH won by resignation"]

1. e4 c5 2. Nf3 d6 3. c3 Nf6 4. h3 Nc6 5. Bd3 e5 6. Bc2 Be7 7. O-O O-O 8. d3 Rb8 9. Be3 b5 10. Nbd2 b4 11. d4 bxc3 12. bxc3 cxd4 13. cxd4 Nb4 14. Bb3 Ba6 15. Bc4 Bxc4 16. Nxc4 Nxe4 17. dxe5 d5 18. Ncd2 Nd3 19. Nb3 Nb2 20. Qe2 Nc4 21.
Bxa7 Ra8 22. Bd4 Qd7 23. Rfd1 Qf5 24. Nfd2 Nexd2 25. Nxd2 Qc2 26. Kf1 Rxa2 27. Rxa2 Qxa2 28. Nxc4 dxc4 29. Qxa2 1-0

[Event "Early-Titled-Tuesday-Blitz-January-30-2024"]
[Site "Chess.com"]
[Date "2024.01.30"]
[Round "3"]
[White "maciejbrzeski128"]
[Black "wannabe2700"]
[Result "0-1"]
[WhiteElo "2436"]
[BlackElo "2617"]
[TimeControl "180+1"]
[EndTime "8:28:32 PST"]
[Termination "wannabe2700 won by resignation"]

1. e4 c5 2. Nc3 e6 3. g3 Nc6 4. Bg2 Nf6 5. Nge2 d5 6. exd5 exd5 7. d4 cxd4 8. Nxd4 Bb4 9. O-O Bxc3 10. bxc3 O-O 11.
c4 Nxd4 12. Qxd4 dxc4 13. Qxc4 Be6 14. Qh4 Qc7 15. Bb2 Nd7 16. Be4 f5 17. Qe7 Rf7 18. Qxe6 Nc5 19. Qe5 Nxe4 20. f3 Nd2 21. Rf2 Qxc2 22.
Qd4 Nxf3+ 23. Rxf3 Re8 24. Rxf5 Qxf5 0-1

[Event "Early-Titled-Tuesday-Blitz-January-30-2024"]
[Site "Chess.com"]
[Date "2024.01.30"]
[Round "3"]
[White "Harry_Rakkel"]
[Black "AustinThomas12345"]
[Result "1-0"]
[WhiteElo "2720"]
[BlackElo "2504"]
[TimeControl "180+1"]
[EndTime "8:28:37 PST"]
[Termination "Harry_Rakkel won by resignation"]

1. e4 c5 2. Nf3 g6 3. d4 cxd4 4.
Nxd4 Nc6 5. c4 Nf6 6. Nc3 Nxd4 7. Qxd4 d6 8. Be2 Bg7 9. O-O O-O 10. Qe3 Ng4 11. Qg3 Ne5 12. Bd2 Be6 13. b3 Nc6 14.
Rad1 Nd4 15. Bd3 Qb6 16. Rfe1 Be5 17. Qe3 a5 18. f4 Bg7 19. f5 Bh6 20. Qf2 Bxd2 21.
Rxd2 Bd7 22. Nd5 Qc5 23. Bb1 Nc6 24. Qxc5 dxc5 25. Nb6 Nd4 26. Nxd7 Rfd8 27. Nb6 Ra6 28. Nd5 e6 29. fxe6 fxe6 30. Nf6+ Kg7 31. Rf2 Rf8 32.
Ref1 Raa8 33. e5 a4 34. bxa4 1-0

[Event "Early-Titled-Tuesday-Blitz-January-30-2024"]
[Site "Chess.com"]
[Date "2024.01.30"]
[Round "3"]
[White "bazar-wokzal"]
[Black "SHIVACalypso"]
[Result "0-1"]
[WhiteElo "2592"]
[BlackElo "2448"]
[TimeControl "180+1"]
[EndTime "8:28:39 PST"]
[Termination "SHIVACalypso won by resignation"]

1. e4 e6 2. d4 d5 3. e5 c5 4. c3 Nc6 5. Nf3 Bd7 6. a3 c4 7. b4 cxb3 8. Qxb3 Na5 9. Qc2 Rc8 10. Bd3 Ne7 11. Bxh7 g6 12. Ng5 Bh6 13. h4 Kf8 14. h5 Bxg5 15. Bxg5 Rxh7 16. Nd2 Qc7 17. Rh3 Nf5 18.
Nf3 Rxh5 19. Rxh5 gxh5 20. Rc1 Qc4 21. Nh4 Nxd4 22. Qd2 Nab3 23. Be7+ Ke8 24. Qe3 Bb5 0-1

[Event "Early-Titled-Tuesday-Blitz-January-30-2024"]
[Site "Chess.com"]
[Date "2024.01.30"]
[Round "3"]
[White "vishwa_vijeta"]
[Black "GMSrinath"]
[Result "1-0"]
[WhiteElo "2551"]
[BlackElo "2823"]
[TimeControl "180+1"]
[EndTime "8:28:45 PST"]
[Termination "vishwa_vijeta won by resignation"]

1. e4 c5 2. Nc3 Nc6 3. Bb5 Nd4 4. Nf3 g6 5. Bc4 Bg7 6. Nxd4 cxd4 7. Qf3 e6 8. Nb5 d6 9. Qa3 Be5 10. O-O a6 11. f4 axb5 12. Qxa8 bxc4 13. fxe5 dxe5 14. d3 cxd3 15. cxd3 f5 16. Bg5 Qxg5 17. Qxc8+ Kf7 18.
Rac1 Qf6 19. Rc7+ Ne7 20. Rxe7+ Kxe7 21. Qxb7+ Kf8 22. Rc1 Qd8 23. Rc8 Qxc8 24. Qxc8+ Kg7 25. Qxe6 Rf8 26. Qxe5+ Kg8 27. Qxd4 fxe4 28. dxe4 Rc8 29. a4 Rc1+ 30. Kf2 Ra1 31. a5 Kf7 32. Qb6 1-0

[Event "Early-Titled-Tuesday-Blitz-January-30-2024"]
[Site "Chess.com"]
[Date "2024.01.30"]
[Round "3"]
[White "UnTucopalaTimba"]
[Black "cthulhuuu"]
[Result "0-1"]
[WhiteElo "1919"]
[BlackElo "2349"]
[TimeControl "180+1"]
[EndTime "8:28:45 PST"]
[Termination "cthulhuuu won by resignation"]

1. e4 d6 2. d4 Nf6 3. Nc3 c6 4.
Be3 e5 5. dxe5 dxe5 6. Qxd8+ Kxd8 7. Bc4 Ke8 8. Nf3 b5 9. Bd3 Bd6 10. O-O Ke7 11. a4 b4 12. Ne2 Ba6 13. Ng3 g6 14. Rac1 h5 15. Bg5 Ke6 16. Rfd1 Nfd7 17. Bxa6 Nxa6 18. h4 f6 19. Be3 Bc5 20. Nf1 Ke7 21. c3 b3 22. Rd3 Nb6 23. a5 Nc4 24. Rb1 Rhd8 25. Bxc5+ Nxc5 26. Rxd8 Rxd8 27. Ne3 Nxe3 28. fxe3 Nxe4 0-1

[Event "Early-Titled-Tuesday-Blitz-January-30-2024"]
[Site "Chess.com"]
[Date "2024.01.30"]
[Round "3"]
[White "Roman_Ovetchkin"]
[Black "Barmen_EV"]
[Result "1-0"]
[WhiteElo "2642"]
[BlackElo "2467"]
[TimeControl "180+1"]
[EndTime "8:28:53 PST"]
[Termination "Roman_Ovetchkin won by resignation"]

1. d4 Nf6 2. c4 g6 3. Nc3 Bg7 4. e4 d6 5. h3 O-O 6. Be3 e5 7. d5 a5 8. g4 Na6 9. Nge2 Bd7 10. Ng3 c6 11. Be2 Qb8 12. h4 cxd5 13. exd5 Ne8 14. g5 b6 15. Bg4 Bxg4 16. Qxg4 Qc8 17. Qxc8 Rxc8 18. b3 Nc5 19. Ke2 f5 20. gxf6 Nxf6 21.
h5 Ng4 22. hxg6 hxg6 23. Nge4 Nxe3 24. fxe3 Nxe4 25. Nxe4 Rcd8 26. Rag1 Kf7 27. Ng5+ Ke7 28. Ne6 Rf7 29. Nxd8 Kxd8 30. Rh7 1-0

[Event "Early-Titled-Tuesday-Blitz-January-30-2024"]
[Site "Chess.com"]
[Date "2024.01.30"]
[Round "3"]
[White "AradNazari"]
[Black "Zarinur"]
[Result "1-0"]
[WhiteElo "2697"]
[BlackElo "2501"]
[TimeControl "180+1"]
[EndTime "8:28:54 PST"]
[Termination "AradNazari won by resignation"]

1. e4 e5 2. f4 d5 3. exd5 exf4 4. Nf3 Nf6 5. Bb5+ c6 6. dxc6 Nxc6 7. Nc3 Bd6 8. Qe2+ Be6 9. Nd4 O-O 10. Nxe6 fxe6 11.
Bxc6 bxc6 12. b3 e5 13. Bb2 e4 14. O-O-O Re8 15. Qc4+ Kh8 16. Rhe1 Qa5 17. Nxe4 Nxe4 18. Rxe4 Qxa2 19. Rxe8+ Rxe8 20. Qxc6 Rd8 21. Qb7 Rg8 22. Re1 h6 23. Re6 1-0

[Event "Early-Titled-Tuesday-Blitz-January-30-2024"]
[Site "Chess.com"]
[Date "2024.01.30"]
[Round "3"]
[White "GeorgiosSouleidis"]
[Black "sergoy"]
[Result "0-1"]
[WhiteElo "2647"]
[BlackElo "2960"]
[TimeControl "180+1"]
[EndTime "8:28:59 PST"]
[Termination "sergoy won by resignation"]

1. e4 c5 2. Be2 e6 3. d3 Nc6 4. f4 Qh4+ 5. g3 Qd8 6. Nf3 d6 7. O-O Nf6 8. c3 Be7 9. Kh1 O-O 10. Be3 b6 11. Nbd2 Bb7 12. a3 d5 13. e5 Ng4 14.
Bg1 d4 15. h3 Nh6 16. Kh2 dxc3 17. bxc3 f6 18. d4 cxd4 19. cxd4 fxe5 20. dxe5 Na5 21. Nc4 Bd5 22. Nxa5 bxa5 23. Qa4 Nf5 24. Bc4 Rc8 25. Bxd5 Qxd5 26. Rad1 Qb7 27. Rd7 Rc2+ 28. Qxc2 Qxd7 29. Rd1 Qb7 30. Qf2 Rc8 31. g4 Bc5 32. Qg2 Bxg1+ 33. Nxg1 Qxg2+ 34. Kxg2 Ne3+ 0-1

[Event "Early-Titled-Tuesday-Blitz-January-30-2024"]
[Site "Chess.com"]
[Date "2024.01.30"]
[Round "3"]
[White "kingofthenil"]
[Black "Actuary44"]
[Result "1-0"]
[WhiteElo "2673"]
[BlackElo "2482"]
[TimeControl "180+1"]
[EndTime "8:28:59 PST"]
[Termination "kingofthenil won by resignation"]

1. e4 b6 2. d4 Bb7 3. Nc3 e6 4. h4 Nf6 5. e5 Ne4 6. Nxe4 Bxe4 7. Ne2 c5 8. Nc3 Bb7 9. d5 exd5 10. Nxd5 h6 11.
Bc4 Nc6 12. Qh5 g6 13. Qf3 Nxe5 14. Qe4 Bg7 15. f4 b5 16. Bxb5 f5 17. Nf6+ Bxf6 18.
Qxb7 Rb8 19. Qd5 Ng4 20. Bc4 Qe7+ 21. Kf1 Kf8 22. Bd2 Kg7 23. Re1 Qf8 24. Qxd7+ 1-0

[Event "Early-Titled-Tuesday-Blitz-January-30-2024"]
[Site "Chess.com"]
[Date "2024.01.30"]
[Round "3"]
[White "GMJustin"]
[Black "GameOverBro"]
[Result "0-1"]
[WhiteElo "2314"]
[BlackElo "2570"]
[TimeControl "180+1"]
[EndTime "8:28:59 PST"]
[Termination "GameOverBro won on time"]

1. d4 Nf6 2. c4 e6 3. Nf3 Bb4+ 4. Nbd2 O-O 5. e3 c5 6. Bd3 b6 7. O-O cxd4 8. exd4 Bb7 9. a3 Be7 10. b4 a5 11. Rb1 axb4 12. axb4 Nc6 13. b5 Na5 14. Bb2 d5 15. cxd5 Qxd5 16. Re1 Bd6 17. Ne4 Rfd8 18. Nxf6+ gxf6 19. Qd2 Qh5 20. Be4 Nc4 21. Qc2 Bd5 22. Bc1 Rdc8 23. Bxd5 Qxd5 24. Qd3 Ra2 25. h4 Kh8 26.
Bh6 Rg8 27. Qe4 Qh5 0-1

[Event "Early-Titled-Tuesday-Blitz-January-30-2024"]
[Site "Chess.com"]
[Date "2024.01.30"]
[Round "3"]
[White "Hikaru"]
[Black "Legendinunknown"]
[Result "0-1"]
[WhiteElo "3288"]
[BlackElo "2836"]
[TimeControl "180+1"]
[EndTime "8:29:00 PST"]
[Termination "Legendinunknown won by resignation"]

1. Nf3 c5 2. e4 d6 3. c3 Nf6 4. Bd3 Nc6 5. Bc2 g6 6. d4 cxd4 7. cxd4 Bg7 8. O-O O-O 9. h3 d5 10. e5 Ne4 11. Re1 Nb4 12. Bb3 a5 13. a3 Nc6 14. Nc3 Nxc3 15. bxc3 e6 16. h4 h5 17.
Bg5 Qc7 18. Qd2 b6 19. Bf6 Ba6 20. Qg5 Bd3 21. Rac1 a4 22. Bc2 Bxc2 23. Rxc2 Kh7 24.
g4 Bh6 25. gxh5 Bxg5 26. Nxg5+ Kh6 27. c4 Nxd4 28. Rc3 gxh5 29. Rg3 Nf5 30. Rc3 d4 31. Rc2 Rg8 32. Kh2 Rg6 33. f4 Rxf6 34. exf6 Qxf4+ 35.
Kg1 Qg3+ 36. Kf1 Ne3+ 37. Rxe3 dxe3 38. Rg2 Qf4+ 39. Ke2 0-1

[Event "Early-Titled-Tuesday-Blitz-January-30-2024"]
[Site "Chess.com"]
[Date "2024.01.30"]
[Round "3"]
[White "jaskol95"]
[Black "KIEV-1"]
[Result "0-1"]
[WhiteElo "2543"]
[BlackElo "2249"]
[TimeControl "180+1"]
[EndTime "8:29:01 PST"]
[Termination "KIEV-1 won by checkmate"]

1. d4 d5 2. Nc3 c6 3. Bf4 Nf6 4. e3 e6 5. Nf3 Bd6 6. Ne5 O-O 7. Bd3 Qe7 8. Qf3 Nbd7 9. Qh3 Re8 10. g4 Nf8 11. g5 Bxe5 12. Bxe5 N6d7 13. O-O-O Nxe5 14.
dxe5 c5 15. f4 c4 16. Be2 b5 17. e4 b4 18. Nb1 c3 19. exd5 cxb2+ 20. Kxb2 exd5 21.
Qe3 a5 22. Bf3 Bb7 23. Bxd5 Bxd5 24. Rxd5 Qc7 25. Qc5 Qb7 26. Rhd1 Rec8 27. Qf2 a4 28. R1d3 b3 29. cxb3 axb3 30. axb3 Qa6 31. Nc3 Qa1+ 32. Kc2 Ra2# 0-1

[Event "Early-Titled-Tuesday-Blitz-January-30-2024"]
[Site "Chess.com"]
[Date "2024.01.30"]
[Round "3"]
[White "GoValya"]
[Black "Djager97"]
[Result "0-1"]
[WhiteElo "2317"]
[BlackElo "2572"]
[TimeControl "180+1"]
[EndTime "8:29:02 PST"]
[Termination "Djager97 won by resignation"]

1. d4 Nf6 2. c4 c5 3. d5 d6 4. g3 g6 5. Bg2 Bg7 6. Nc3 O-O 7. Nf3 e6 8. O-O exd5 9. cxd5 Re8 10. Nd2 Nbd7 11.
Nc4 Ne5 12. Nxe5 Rxe5 13. Bf4 Re7 14. Nb5 Ne8 15. Qd2 a6 16. Nc3 b5 17. a3 Nf6 18. h3 Nh5 19. Bg5 f6 20. Bh6 f5 21.
e4 Qf8 22. Bxg7 Kxg7 23. Rfe1 f4 24. g4 f3 25. gxh5 fxg2 26. Kxg2 Bxh3+ 27. Kxh3 Qf3+ 28. Kh2 Re5 29. h6+ Kg8 0-1

[Event "Early-Titled-Tuesday-Blitz-January-30-2024"]
[Site "Chess.com"]
[Date "2024.01.30"]
[Round "3"]
[White "Sattarov_Bobur"]
[Black "IngOscarArdila"]
[Result "1-0"]
[WhiteElo "2767"]
[BlackElo "2323"]
[TimeControl "180+1"]
[EndTime "8:29:02 PST"]
[Termination "Sattarov_Bobur won by resignation"]

1. e4 e5 2. Nf3 Nf6 3. Nc3 Nc6 4. a3 g6 5. d4 d6 6. dxe5 Nxe5 7. Nxe5 dxe5 8. Qxd8+ Kxd8 9. Bg5 Be7 10. O-O-O+ Ke8 11. Nb5 Kf8 12. Nxc7 Rb8 13. Bh6+ Kg8 14. f3 Be6 15.
Nxe6 fxe6 16. Bc4 Kf7 17. Rd3 Rhc8 18. Bb3 Rc7 19. Rhd1 Rbc8 20. Be3 b5 21. Kb1 b4 22. axb4 Bxb4 23. c3 Be7 24. Kc2 Rb8 25. Rb1 Rcb7 26. Ba4 Nh5 27. g3 Nf6 28. b4 Ne8 29. Bxe8+ Kxe8 30. Ra1 Ra8 31. Ra6 Kf7 32. Kb3 h5 33. Rd2 Kf6 34.
Rda2 Rc8 35. Rxa7 Rxa7 36. Rxa7 Rd8 37. Rxe7 Kxe7 38. Bg5+ Kd7 39. Bxd8 Kxd8 40. Kc4 Kc7 41. Kc5 1-0

[Event "Early-Titled-Tuesday-Blitz-January-30-2024"]
[Site "Chess.com"]
[Date "2024.01.30"]
[Round "3"]
[White "guillembaches"]
[Black "Seochesspie"]
[Result "0-1"]
[WhiteElo "2543"]
[BlackElo "2876"]
[TimeControl "180+1"]
[EndTime "8:29:03 PST"]
[Termination "Seochesspie won on time"]

1. d4 Nf6 2. Nf3 d5 3. Bg5 Ne4 4.
Bh4 c5 5. e3 Qb6 6. Qc1 Nc6 7.
c3 Bg4 8. Nbd2 Nxd2 9. Nxd2 cxd4 10. exd4 e6 11. Bd3 Rc8 12. Qb1 Bh5 13. O-O Bg6 14.
Bxg6 hxg6 15. Bg3 Ne7 16. Nf3 Nf5 17. Bf4 Be7 18. Re1 Nh4 19. Nxh4 Rxh4 20. Bg3 Rh5 21. Re2 Kf8 22. Qd3 Qc6 23. Rae1 b5 24. a3 a5 25. Re5 Rxe5 26. Bxe5 b4 27. axb4 axb4 28. Re3 Qa4 29.
g3 Qa1+ 30. Kg2 Qxb2 31. cxb4 Qxb4 32. Rf3 Kg8 33. h4 Qc4 34. Qe3 Qc1 35. Qe2 Qb1 36.
Ra3 Bxa3 0-1

[Event "Early-Titled-Tuesday-Blitz-January-30-2024"]
[Site "Chess.com"]
[Date "2024.01.30"]
[Round "3"]
[White "Mackster23"]
[Black "Orest_Vovk"]
[Result "1-0"]
[WhiteElo "2673"]
[BlackElo "2485"]
[TimeControl "180+1"]
[EndTime "8:29:04 PST"]
[Termination "Mackster23 won by resignation"]

1. e4 Nc6 2. d4 e5 3. d5 Nce7 4. h4 Nf6 5. Nc3 Neg8 6. Be3 Bb4 7. f3 d6 8. Qd2 Nh5 9. Nge2 f5 10.
exf5 Ngf6 11. g4 Nf4 12. Nxf4 exf4 13. Bxf4 O-O 14. O-O-O Nd7 15. a3 Ba5 16. Re1 Ne5 17. Bxe5 dxe5 18. Rxe5 Qd6 19. f4 Bd7 20. Bc4 Kh8 21.
Qd3 Rae8 22. Ne4 Qh6 23. Ng5 Qd6 24. f6 g6 25. Ne4 Qb6 26. b4 Bxb4 27. axb4 Bxg4 28.
Rxe8 Rxe8 29. f7 1-0

[Event "Early-Titled-Tuesday-Blitz-January-30-2024"]
[Site "Chess.com"]
[Date "2024.01.30"]
[Round "3"]
[White "Talent-OF-Slovenia"]
[Black "Adar_07"]
[Result "0-1"]
[WhiteElo "2471"]
[BlackElo "2647"]
[TimeControl "180+1"]
[EndTime "8:29:04 PST"]
[Termination "Adar_07 won by resignation"]

1. e4 c5 2. Nc3 Nc6 3. Bb5 Nd4 4. Bc4 e6 5. Nge2 Ne7 6. Nxd4 cxd4 7. Ne2 Nc6 8. d3 a6 9. O-O b5 10. Bb3 g6 11. f4 Bg7 12. Qe1 O-O 13. Qf2 d5 14. f5 dxe4 15. f6 Bh8 16. dxe4 a5 17. a4 Ba6 18. Bh6 Re8 19. Rfd1 Qxf6 20. Qg3 bxa4 21. Bxa4 Bxe2 22. Bxc6 Bxd1 23. Rxd1 Qe5 24.
Bf4 Qc5 25. Bxa8 d3+ 26. Be3 dxc2 27. Rc1 Bd4 28. Bxd4 Qxd4+ 29. Qf2 Qxb2 30. Rf1 f5 31.
exf5 c1=Q 32. fxg6 Qxf2+ 0-1

[Event "Early-Titled-Tuesday-Blitz-January-30-2024"]
[Site "Chess.com"]
[Date "2024.01.30"]
[Round "3"]
[White "SabinaFoisor"]
[Black "Iana_Shirova"]
[Result "1-0"]
[WhiteElo "2392"]
[BlackElo "2088"]
[TimeControl "180+1"]
[EndTime "8:29:04 PST"]
[Termination "SabinaFoisor won by checkmate"]

1. d4 Nf6 2. c4 g6 3. Nc3 Bg7 4.
Nf3 O-O 5. Bg5 d6 6. Qc2 Nc6 7. e3 e5 8. d5 Ne7 9. Be2 Nd7 10. O-O-O a5 11. e4 f6 12. Be3 Nc5 13. h4 Bg4 14. Ne1 Bxe2 15. Qxe2 f5 16. f3 a4 17. Nd3 a3 18. b3 b6 19. h5 f4 20. Bxc5 bxc5 21.
hxg6 hxg6 22. g3 Qb8 23. Rdg1 Nc8 24. Qd2 Nb6 25. gxf4 exf4 26. Rxg6 Qe8 27. Rhg1 Rf7 28. Nxf4 Qe5 29. Ne6 Na4 30. Rxg7+ Rxg7 31. Rxg7+ Qxg7 32. Nxg7 Kxg7 33. Nxa4 Rh8 34. Qg5+ Kf7 35. Nc3 Rh1+ 36. Kd2 Rh2+ 37. Kd3 c6 38. Qf4+ Ke7 39. Qxh2 cxd5 40. exd5 Kd7 41. Qh7+ Kc8 42. Nb5 Kb8 43. Qc7+ Ka8 44.
Qa7# 1-0